 Dungeon Crawl Stone Soup version 0.20-a0-553-g9f38e11 (webtiles) character file.

108985 drasked the Eclecticist (level 16, -3/92 HPs)
             Began as a Spriggan Enchanter on Feb 3, 2017.
             Was a High Priest of Ashenzari.
             Slain by a harpy (12 damage)
             ... on level 2 of the Shoals.
             The game lasted 03:10:03 (42861 turns).

drasked the Eclecticist (Spriggan Enchanter)       Turns: 42861, Time: 03:10:04

Health: -3/92      AC:  8    Str: 12    XL:     16   Next: 3%
Magic:  31/35      EV: 33    Int: 20    God:    Ashenzari [*****.]
Gold:   2330       SH:  0    Dex: 20    Spells: 35/51 levels left

rFire    + . .     SeeInvis +   Z - +2 dagger (venom)
rCold    + . .     Gourm    .   G - +2 robe {rC+}
rNeg     . . .     Faith    .   (shield restricted)
rPois    .         Spirit   .   (helmet restricted)
rElec    +         Reflect  .   r - +0 cloak of Synchronized Stabbing {Str+4 Dex+4 Slay+3} (curse)
rCorr    .         Harm     .   (gloves unavailable)
MR       ++...     Clarity  +   (boots unavailable)
Stlth    +++++++...             (no amulet)
Regen    0.3/turn               J - ring "Hoahobb" {rElec AC+3} (curse)
                                B - ring of protection from fire {rF+, !d}

@: very quick
A: unfitting armour, see invisible, herbivore 3, speed 3, low mp 1, robust 2,
slow metabolism 2, MP-powered wands
a: Curse Item, Scrying, Transfer Knowledge, Renounce Religion


You were on level 2 of the Shoals.
You worshipped Ashenzari.
Ashenzari was extremely pleased with you.
You were very full.

You visited 5 branches of the dungeon, and saw 26 of its levels.
You also visited: Sewer, Ice Cave and Volcano.

You collected 3395 gold pieces.
You spent 1065 gold pieces at shops.

Inventory:

Hand Weapons
 V - a +9 blowgun
   (You found it on level 6 of the Lair of Beasts)
 Z - a +2 dagger of venom (weapon)
   (You took it off a kobold on level 11 of the Dungeon)
Missiles
 w - 140 poisoned needles
 D - a throwing net {=f, !d}
 Y - 13 curare-tipped needles
Armour
 r - the cursed +0 cloak of Synchronized Stabbing (worn) {Str+4 Dex+4 Slay+3}
   (You acquired it on level 11 of the Dungeon)

   It affects your strength (+4).
   It affects your dexterity (+4).
   It affects your accuracy and damage with ranged weapons and melee attacks
   (+3).
   It has a curse placed upon it.
 E - the +1 robe of Uscheira {rElec MP-9 Str+2}
   (You found it on level 2 of the Shoals)

   It affects your strength (+2).
   It insulates you from electricity.
   It affects your magic capacity (-9).
 G - a +2 robe of cold resistance (worn)
   (You took it off a wight on level 6 of the Dungeon)
Jewellery
 a - a +2 ring of intelligence
   (You took it off a centaur on level 11 of the Dungeon)
 l - the amulet "Cozu" {rN+ Regen+}
   (You bought it in a shop on level 1 of the Shoals)

   [amulet of regeneration]

   It protects you from negative energy.
   It increases your rate of regeneration.
 B - a ring of protection from fire (left hand) {rF+, !d}
   (You found it on level 5 of the Dungeon)
 I - an uncursed ring of flight {+Fly, !d}
   (You found it on level 5 of the Lair of Beasts)
 J - the cursed ring "Hoahobb" (right hand) {rElec AC+3}
   (You bought it in a shop on level 9 of the Dungeon)

   [ring of protection]

   It affects your AC (+3).
   It insulates you from electricity.
   It has a curse placed upon it.
Wands
 b - a wand of disintegration (0/24)
   (You found it on level 6 of the Dungeon)
Scrolls
 e - 13 scrolls of teleportation
 g - 13 scrolls of identify
 m - 4 scrolls of remove curse
 n - 3 scrolls of blinking {!r}
 s - a scroll of magic mapping {!r}
 v - a scroll of recharging
 y - 3 scrolls of amnesia
 C - 3 scrolls of enchant armour
 L - a scroll of vulnerability {!r!r}
 N - a scroll of fear
 R - 4 scrolls of enchant weapon
 S - a scroll of torment {unknown}
Potions
 h - 4 potions of resistance
 i - a potion of might
 j - 2 potions of magic
 o - a potion of lignification {!q}
 p - 8 potions of curing
 q - a potion of cure mutation {!q}
 u - 2 potions of heal wounds
 z - 2 potions of berserk rage {!q}
 A - 2 potions of ambrosia
 F - 4 potions of haste
 M - 3 potions of agility
 O - a potion of beneficial mutation
 U - 2 potions of flight
Books
 c - a book of Maledictions
 t - a book of Misfortune
   (You found it on level 4 of the Dungeon)
 x - a book of Cantrips
   (You found it on level 4 of the Dungeon)
 H - a book of Minor Magic
   (You found it on level 8 of the Dungeon)
 Q - a book of Debilitation
   (You found it on level 1 of the Lair of Beasts)
 X - a book of Beasts
   (You bought it in a shop on level 1 of the Shoals)
Comestibles
 d - 10 bread rations {@e1}
 f - 12 fruits
 k - 10 royal jellies


   Skills:
 + Level 6.1 Fighting
 - Level 3.0 Short Blades
 * Level 15.6 Dodging
 - Level 17.0 Stealth
 - Level 18.0 Spellcasting
 - Level 10.0 Conjurations
 - Level 12.0 Hexes
 - Level 3.7 Charms
 - Level 2.2 Translocations
 - Level 2.7 Fire Magic
 - Level 2.0 Air Magic
 - Level 2.7 Poison Magic


You had 35 spell levels left.
You knew the following spells:

 Your Spells              Type           Power        Failure   Level  Hunger
a - Ensorcelled Hibernat  Hex/Ice        #####.       1%          2    None
b - Blink                 Tloc           N/A          1%          2    None
c - Confuse               Hex            ######..     1%          3    None
d - Repel Missiles        Chrm/Air       ####..       1%          2    None
e - Conjure Flame         Conj/Fire      #####...     1%          3    None
v - Corona                Hex            ######.      1%          1    None
x - Mephitic Cloud        Conj/Pois/Air  #####...     1%          3    None


Dungeon Overview and Level Annotations

Branches:
Dungeon (15/15)            Temple (1/1) D:6            Lair (6/6) D:10
 Shoals (2/4) Lair:3       Spider (0/4) Lair:4        Slime (0/5) Lair:6
    Orc (2/2) D:10            Elf (0/3) Orc:2        Vaults (0/5) D:13
 Depths (0/5) D:15

Altars:
Ashenzari
Dithmenos
Fedhas
Gozag
Kikubaaqudgha
Nemelex Xobeh
Sif Muna
Trog
Vehumet
Yredelemnul
Jiyva

Shops:
D:9 =   D:14 *%   D:15 *   Orc:2 =[*(   Shoals:1 *

Annotations:
D:11 krabocopter's ghost, journeyman FoFi
Lair:4 exclusion: oklob plant
Lair:6 exclusion: 2 oklob plants


Innate Abilities, Weirdness & Mutations

You are very small and have problems with some larger weapons.
You are too small for most types of armour.
You have supernaturally acute eyesight. (SInv)
You are a herbivore.
You cover ground extremely quickly.
You need consume almost no food.
Your magical capacity is low. (-10% MP)
You are very robust. (+20% HP)
You expend magic power (3 MP) to strengthen your wands.


Message History

You regained 2 hp, and now have 81/92 hp.
You regained 3 mp, and now have 24/35 mp.
Splash!
You fall into the shallow water.
Moving in this stuff is going to be slow.
k - 9 royal jellies (gained 1)
You enter the shallow water.
Moving in this stuff is going to be slow.
You now have 2295 gold pieces (gained 9).
You now have 2310 gold pieces (gained 15).
w - 140 poisoned needles (gained 15)
You regained 8 hp, and now have 89/92 hp.
You regained 7 mp, and now have 31/35 mp.
You enter the shallow water.
Moving in this stuff is going to be slow.
You now have 2330 gold pieces (gained 20).
k - 10 royal jellies (gained 1)
You see here a scroll of immolation {!r}.
A harpy comes into view.
The harpy screeches!
You see here a bread ration {@e1}.
A harpy is nearby!
The harpy misses you. The harpy claws you!
You take 7 damage, and have 83/92 hp.
Aim: a harpy (chance to defeat MR: 68%)
The harpy looks drowsy...
You now have 31/35 mp.
The helpless harpy fails to defend herself.
You perforate the harpy like a sieve!!!!
You kill the harpy!
d - 10 bread rations {@e1} (gained 1)
A faun comes into view. It is wielding a spear.
The faun moves out of view.
m - 4 scrolls of remove curse (gained 1)
E - the uncursed robe of Uscheira {rElec MP-9 Str+2} A faun is nearby!
You found a shaft! 2 harpies come into view.
MP restored: 35 A harpy comes into view.
There are monsters nearby!
The harpy screeches!
You enter the shallow water.
Moving in this stuff is going to be slow.
A snapping turtle comes into view.
The snapping turtle hisses angrily.
The harpy misses you. x2
The harpy completely misses you. x2
Aim: a harpy (chance to defeat MR: 68%)
The harpy screeches!
The harpy struggles to resist.
The harpy screeches!
The faun shouts!
The harpy completely misses you. x2; The harpy closely misses you.
The harpy completely misses you. The harpy claws you! The harpy misses you.
You take 7 damage, and have 81/92 hp.
You now have 33/35 mp.
Aim: a harpy (chance to defeat MR: 68%)
The harpy looks drowsy...
The harpy completely misses you.
The harpy misses you. x2; The harpy completely misses you.
The faun unwields an uncursed spear.
The faun wields a runed hunting sling.
The faun shoots a stone.
The stone hits you!! The harpy completely misses you. x2
A merfolk siren comes into view. It is wielding a trident.
You take 25 damage, and have 56/92 hp.
MASSIVE DAMAGE!!
You now have 31/35 mp.
The helpless harpy fails to defend herself.
You spit the harpy like a pig!!!!
You kill the harpy!
The harpy screeches!
The merfolk siren shouts!
The harpy misses you. The harpy claws you!
The merfolk siren chants a haunting song.
You are unaffected.
The faun shoots a stone.
The stone misses you.
You hear a splash.
The harpy completely misses you. x2
You take 8 damage, and have 48/92 hp.
Aim: a harpy (chance to defeat MR: 68%)
The harpy looks drowsy...
The harpy claws you! The harpy claws you.
The merfolk siren chants a haunting song.
You are unaffected.
The snapping turtle closely misses you.
The faun shoots a stone.
The stone hits you.
A faun comes into view. It is wielding a spear.
You take 16 damage, and have 32/92 hp.
You now have 30/35 mp.
The helpless harpy fails to defend herself.
You spit the harpy like a pig!!!!
You kill the harpy!
The harpy screeches!
The merfolk siren chants a haunting song.
You are unaffected.
The harpy barely misses you. The harpy claws you.
The snapping turtle closely misses you.
The faun shoots a stone.
The stone hits you!!
* * * LOW HITPOINT WARNING * * *
A sea snake comes into view.
You take 23 damage, and have 9/92 hp.
MASSIVE DAMAGE!!
The snapping turtle misses you.
The faun shoots a stone.
The stone completely misses you. The harpy completely misses you. x2
You see here a stone.
The snapping turtle completely misses you.
The harpy misses you. The harpy completely misses you.
The harpy completely misses you. The harpy claws you!
You die...

≈≈ ≈ ≈≈ ≈≈≈≈≈....≈≈...≈≈≈≈.. ≈
≈≈≈ ≈ ≈≈≈≈≈≈...≈.≈≈...≈≈...,≈
≈≈≈≈ ≈≈.≈≈≈≈≈....≈≈≈≈...... ≈ ≈≈
≈≈ ≈≈.≈≈≈≈≈..≈≈≈≈......., ≈≈≈≈ ≈
...≈≈≈≈..≈≈≈........., ≈
≈≈≈≈≈≈≈≈≈≈.≈≈≈≈≈≈.≈≈(.........
≈≈
≈≈≈≈≈≈≈≈≈..≈≈≈≈≈..≈t........≈≈
≈≈≈≈≈..≈...≈..≈≈....(.(....≈≈≈≈≈
≈≈≈≈.≈.≈≈≈......@H≈≈≈†≈...≈≈≈≈≈
≈ ≈≈≈≈≈.≈.≈≈≈≈≈....≈≈≈≈≈....^...
≈ ≈≈≈≈....≈≈..........≈).......≈
≈ ≈≈≈...#......≈≈....†......≈..≈
≈ ≈≈≈≈......≈≈....##......≈≈.cS.
, ≈≈≈≈......≈....##...........m.
≈≈..≈.....≈...[.#.?..##.....c≈ ,
≈.≈..≈..#..........≈....$≈≈..≈ ≈
.≈≈≈.≈≈≈.....≈≈....≈≈....≈.##. ,


You could see a snapping turtle and a harpy.

Vanquished Creatures
  A stone giant (Volcano)
  Nessos (Lair:5)
  Snorg (D:14)
  A fire dragon (Lair:6)
  Josephine (D:15)
  An ice dragon (D:15)
  4 vault guards (D:13)
  7 hydras
  8 centaur warriors
  4 two-headed ogres
  Erica (Lair:1)
  3 merfolk avatars
  A tengu warrior (D:11)
  5 death yaks
  An alligator (Lair:6)
  A vampire mage (D:15)
  Urug (Lair:3)
  4 orc high priests (Orc:2)
  Sonja (Lair:4)
  2 skeletal warriors (D:15)
  A fire crab (Lair:6)
  3 unseen horrors
  2 sea snakes (Shoals:2)
  Pikel (D:5)
  6 harpies
  An orc knight (Orc:2)
  A necromancer (D:15)
  An iron dragon zombie (D:15)
  A wolf spider zombie (D:14)
  8 ugly things
  3 fauns (Shoals:1)
  An orc sorcerer (Orc:2)
  An iron dragon skeleton (D:15)
  8 cyclopes
  7 manticores
  Maurice (D:10)
  A cyclops (shapeshifter) (D:15)
  A merfolk siren (Shoals:1)
  A stone giant skeleton (D:15)
  9 black mambas
  3 molten gargoyles (Lair:6)
  2 torpor snails
  12 spiny frogs
  2 water nymphs (Shoals:2)
  4 gargoyles
  2 kobold demonologists (D:15)
  5 rime drakes
  An efreet (Volcano)
  3 komodo dragons
  5 merfolk
  4 wind drakes
  A hornet (D:15)
  Grinder (D:3)
  6 trolls
  Prince Ribbit (D:5)
  A snapping turtle (Lair:3)
  30 blink frogs
  16 dream sheep
  11 hippogriffs
  2 water elementals (Shoals:1)
  4 wyverns
  3 wraiths (D:15)
  A vampire (D:10)
  2 shadows (D:13)
  39 yaks
  2 fire elementals (Volcano)
  8 basilisks
  7 vampire mosquitoes
  3 hungry ghosts
  A steam dragon (Lair:6)
  Edmund (D:5)
  2 wargs (Orc:2)
  A soldier ant (D:11)
  2 acid dragons
  An insubstantial wisp (Lair:5)
  A tengu zombie (D:15)
  Duvessa (D:4)
  9 water moccasins
  5 hell hounds (Lair:6)
  10 porcupines
  8 ice beasts
  4 phantoms
  19 orc warriors
  A necrophage (D:7)
  6 sky beasts
  12 ogres
  3 eyes of draining
  11 wolves
  28 centaurs
  10 crocodiles
  10 big kobolds
  24 bullfrogs
  2 wyvern zombies
  Dowan (D:4)
  A wyvern skeleton (D:14)
  5 scorpions
  A water moccasin skeleton (D:7)
  16 killer bees
  11 wights
  4 electric eels
  8 howler monkeys
  6 crimson imps
  4 lava snakes (Lair:6)
  A bullfrog zombie (D:7)
  2 centaur zombies
  8 hounds
  3 bullfrog skeletons
  6 centaur skeletons
  28 orc priests
  26 orc wizards
  2 jellies
  2 iguanas
  Terence (D:2)
  7 hell rats (Lair:5)
  8 worker ants
  A hound zombie (D:4)
  A hound skeleton (D:4)
  A worker ant zombie (D:4)
  11 gnolls
  A howler monkey skeleton (D:4)
  11 adders
  A river rat (D:3)
  3 shadow imps
  5 oozes
  An adder zombie (D:4)
  An adder skeleton (D:4)
  2 worms (Sewer)
  5 dart slugs
  3 leopard geckos
  91 orcs
  9 ball pythons
  A bat zombie (D:2)
  5 giant cockroaches
  24 hobgoblins
  5 jackals
  8 quokkas
  A ball python skeleton (D:4)
  7 bats
  12 frilled lizards
  A giant cockroach zombie (D:4)
  45 goblins
  40 kobolds
  A leopard gecko skeleton (D:7)
  A leopard gecko zombie (D:4)
  3 quokka skeletons
  A quokka zombie (D:4)
  10 rats
  2 rat zombies (D:2)
  A withered plant (D:15)
926 creatures vanquished.

Vanquished Creatures (others)
  A bush (Lair:6)
  38 fungi
  18 plants
  12 toadstools (Lair:4)
  A withered plant (D:15)
70 creatures vanquished.

Grand Total: 996 creatures vanquished

Notes
Turn   | Place    | Note
-------+----------+-------------------------------------------
     0 | D:1      | drasked the Spriggan Enchanter began the quest for the Orb.
     0 | D:1      | Reached XP level 1. HP: 9/9 MP: 5/5
    65 | D:1      | Reached skill level 3 in Spellcasting
   367 | D:1      | Reached XP level 2. HP: 13/13 MP: 7/7
   373 | D:1      | Learned a level 2 spell: Ensorcelled Hibernation
   756 | D:1      | Reached skill level 5 in Stealth
   770 | D:1      | Reached XP level 3. HP: 15/16 MP: 3/9
   775 | D:1      | Learned a level 3 spell: Confuse
  1154 | D:2      | Reached skill level 2 in Short Blades
  1408 | D:2      | Reached skill level 4 in Spellcasting
  1503 | D:2      | Found an ancient bone altar of Kikubaaqudgha.
  1592 | D:2      | Noticed Terence
  1598 | D:2      | Killed Terence
  1598 | D:2      | Reached XP level 4. HP: 20/21 MP: 11/11
  1969 | D:3      | Noticed Grinder
  2007 | D:3      | Found a glowing drain.
  2037 | D:3      | HP: 5/21 [ball python (1)]
  2050 | D:3      | HP: 3/21 [giant cockroach (2)]
  2068 | Sewer    | Entered a sewer
  2531 | Sewer    | Reached skill level 5 in Spellcasting
  2535 | Sewer    | Reached XP level 5. HP: 21/24 MP: 10/13
  3073 | Sewer    | Gained mutation: You are robust. (+10% HP) [potion of mutation]
  3073 | Sewer    | Gained mutation: Your magical capacity is low. (-10% MP) [potion of mutation]
  3073 | Sewer    | Gained mutation: You expend magic power (3 MP) to strengthen your wands. [potion of mutation]
  3738 | D:3      | Reached skill level 6 in Stealth
  4782 | D:3      | Reached skill level 3 in Short Blades
  5068 | D:3      | Reached XP level 6. HP: 28/30 MP: 11/14
  5502 | D:3      | Reached skill level 4 in Hexes
  5744 | D:3      | Reached skill level 6 in Spellcasting
  6424 | D:3      | Reached skill level 7 in Stealth
  6822 | D:3      | Killed Grinder
  6822 | D:3      | Reached skill level 5 in Hexes
  6822 | D:3      | Reached XP level 7. HP: 29/35 MP: 9/16
  7109 | D:4      | Noticed Duvessa
  7109 | D:4      | Noticed Dowan
  7130 | D:4      | Killed Duvessa
  7130 | D:4      | Reached skill level 6 in Hexes
  7134 | D:4      | Killed Dowan
  7134 | D:4      | Reached skill level 8 in Stealth
  7223 | D:4      | Found a shattered altar of Ashenzari.
  7245 | D:4      | Became a worshipper of Ashenzari the Shackled
  7554 | D:4      | Reached skill level 7 in Spellcasting
  7729 | D:4      | Reached skill level 7 in Hexes
  7792 | D:4      | Reached XP level 8. HP: 39/39 MP: 7/17
  8842 | D:5      | Entered Level 5 of the Dungeon
  8965 | D:5      | Reached skill level 9 in Stealth
  9061 | D:5      | Reached skill level 8 in Hexes
  9379 | D:5      | Noticed Edmund
  9420 | D:5      | Killed Edmund
  9420 | D:5      | Reached skill level 8 in Spellcasting
  9546 | D:5      | Reached skill level 9 in Hexes
  9800 | D:5      | Reached skill level 10 in Stealth
  9831 | D:5      | Noticed Prince Ribbit
  9848 | D:5      | Killed Prince Ribbit
  9848 | D:5      | Reached XP level 9. HP: 42/42 MP: 16/20
  9852 | D:5      | Noticed Pikel
  9862 | D:5      | Killed Pikel
  9862 | D:5      | Reached skill level 9 in Spellcasting
  9862 | D:5      | Reached skill level 10 in Hexes
 10371 | D:6      | Reached skill level 11 in Stealth
 10612 | D:6      | Found a staircase to the Ecumenical Temple.
 10620 | Temple   | Entered the Ecumenical Temple
 10633 | D:6      | Reached * piety under Ashenzari
 10767 | D:6      | Identified the amulet "Wobeysom" {Faith *Slow rC+++ rN++ SInv}
 11241 | D:6      | Reached skill level 11 in Hexes
 12030 | D:7      | Found a shadowy altar of Dithmenos.
 12162 | D:7      | Reached XP level 10. HP: 48/48 MP: 0/22
 12734 | D:8      | Reached ** piety under Ashenzari
 12739 | D:8      | Learned a level 3 spell: Mephitic Cloud
 12742 | D:8      | Learned a level 2 spell: Blink
 12745 | D:8      | Learned a level 2 spell: Repel Missiles
 12780 | D:8      | Reached skill level 10 in Spellcasting
 12782 | D:8      | Reached skill level 12 in Stealth
 12804 | D:8      | Noticed a two-headed ogre
 12855 | D:8      | Killed a two-headed ogre
 12855 | D:8      | Reached skill level 12 in Hexes
 12889 | D:8      | Noticed a two-headed ogre
 12924 | D:8      | Killed a two-headed ogre
 12967 | D:8      | Reached skill level 13 in Stealth
 13205 | D:8      | Found an opulent altar of Gozag.
 13700 | D:9      | Found a bloodstained altar of Trog.
 13767 | D:9      | Found Woahiag's Jewellery Boutique.
 13781 | D:9      | Reached skill level 11 in Spellcasting
 13810 | D:9      | Bought the ring "Hoahobb" {rElec AC+3} for 385 gold pieces
 14631 | D:9      | Found a basalt altar of Yredelemnul.
 14760 | D:9      | Reached skill level 14 in Stealth
 14972 | D:10     | Entered Level 10 of the Dungeon
 15091 | D:10     | Reached XP level 11. HP: 27/51 MP: 6/25
 15213 | D:10     | Found a staircase to the Lair.
 15220 | D:10     | Reached skill level 12 in Spellcasting
 15271 | D:10     | Noticed Maurice
 15473 | D:10     | Gained mutation: You are very robust. (+20% HP) [potion of beneficial mutation]
 15879 | D:10     | Noticed an eight-headed hydra
 16076 | D:10     | Killed Maurice
 16096 | D:10     | Reached skill level 15 in Stealth
 16321 | D:10     | Killed an eight-headed hydra
 16542 | D:10     | Reached skill level 1 in Conjurations
 16552 | D:10     | Reached skill level 13 in Spellcasting
 16741 | D:10     | Reached skill level 2 in Conjurations
 16848 | D:10     | Found a staircase to the Orcish Mines.
 16927 | D:10     | Noticed a two-headed ogre
 16939 | D:10     | Killed a two-headed ogre
 16939 | D:10     | Reached skill level 16 in Stealth
 17061 | Lair:1   | Entered Level 1 of the Lair of Beasts
 17093 | Lair:1   | Reached skill level 3 in Conjurations
 17212 | Lair:1   | Reached *** piety under Ashenzari
 17344 | Lair:1   | Noticed Erica
 17351 | Lair:1   | Killed Erica
 17444 | Lair:1   | Reached skill level 4 in Conjurations
 17447 | Lair:1   | Reached XP level 12. HP: 56/61 MP: 20/27
 18143 | Lair:2   | Reached skill level 5 in Conjurations
 18143 | Lair:2   | Reached skill level 1 in Translocations
 18205 | Lair:2   | Reached skill level 17 in Stealth
 18237 | Lair:2   | Reached skill level 2 in Translocations
 18239 | Lair:2   | Reached skill level 1 in Poison Magic
 18241 | Lair:2   | Reached skill level 1 in Charms
 18527 | Lair:3   | Found a runed door.
 18598 | Lair:3   | Noticed a seven-headed hydra
 18605 | Lair:3   | Killed a seven-headed hydra
 18605 | Lair:3   | Reached skill level 2 in Charms
 18605 | Lair:3   | Reached skill level 1 in Air Magic
 18605 | Lair:3   | Reached skill level 2 in Poison Magic
 18613 | Lair:3   | Reached **** piety under Ashenzari
 18703 | Lair:3   | Reached skill level 3 in Charms
 18710 | Lair:3   | HP: 12/61 [blink frog (18)]
 18907 | Lair:3   | Noticed Urug
 18914 | Lair:3   | Killed Urug
 18914 | Lair:3   | Reached skill level 2 in Air Magic
 18920 | Lair:3   | Learned a level 3 spell: Conjure Flame
 19162 | Lair:3   | Found a sparkling altar of Nemelex Xobeh.
 19183 | Lair:3   | Found a staircase to the Shoals.
 19188 | Lair:3   | Reached skill level 6 in Conjurations
 19188 | Lair:3   | Reached skill level 1 in Fire Magic
 19772 | Lair:3   | Noticed a six-headed hydra
 19778 | Lair:3   | Killed a six-headed hydra
 19848 | Lair:4   | Reached skill level 2 in Fire Magic
 19963 | Lair:4   | Noticed a death yak
 20040 | Lair:4   | Noticed Sonja
 20047 | Lair:4   | Killed Sonja
 20059 | Lair:4   | Noticed a death yak
 20061 | Lair:4   | Noticed a death yak
 20061 | Lair:4   | Noticed a death yak
 20248 | Lair:4   | Reached skill level 7 in Conjurations
 20534 | Lair:4   | Reached XP level 13. HP: 66/66 MP: 28/28
 20622 | Lair:4   | Found a hole to the Spider Nest.
 21000 | Lair:4   | Found a blossoming altar of Fedhas.
 21076 | Lair:4   | Reached skill level 14 in Spellcasting
 23003 | Lair:5   | Noticed Nessos
 23156 | Lair:5   | Reached skill level 15 in Spellcasting
 23310 | Lair:5   | Reached ***** piety under Ashenzari
 23561 | Lair:5   | Killed Nessos
 23736 | Lair:5   | Reached skill level 8 in Conjurations
 24356 | Lair:5   | HP: 15/66 [insubstantial wisp (10)]
 24971 | Lair:6   | Entered Level 6 of the Lair of Beasts
 24990 | Lair:6   | Found a staircase to the Slime Pits.
 24992 | Lair:6   | Found a viscous altar of Jiyva.
 25081 | Lair:6   | HP: 12/66 [eight-headed hydra (8)]
 25214 | Lair:6   | Found a frozen archway.
 25256 | IceCv    | Entered an ice cave
 25272 | IceCv    | HP: 14/66 [ice beast (6)]
 26332 | Lair:6   | Reached skill level 16 in Spellcasting
 27003 | Lair:6   | HP: 15/66 [black mamba (9)]
 27129 | Lair:6   | HP: 15/66 [blink frog (17)]
 27533 | Lair:6   | Reached XP level 14. HP: 41/70 MP: 2/32
 28514 | Lair:6   | Reached skill level 17 in Spellcasting
 28694 | Lair:6   | Found a large runed door.
 28749 | Lair:6   | Reached skill level 9 in Conjurations
 28916 | Lair:6   | Found a large runed door.
 28953 | Lair:6   | HP: 12/70 [fire dragon (10)]
 28953 | Lair:6   | HP: 2/70 [fire dragon (7)]
 30960 | Orc:1    | Entered Level 1 of the Orcish Mines
 31947 | Orc:2    | Entered Level 2 of the Orcish Mines
 32004 | Orc:2    | Found a dark tunnel.
 32013 | Volcano  | Entered a volcano
 32043 | Volcano  | Noticed a stone giant
 32061 | Volcano  | HP: 15/70 [stone giant/large rock (18)]
 32101 | Volcano  | HP: 16/70 [fire elemental (5)]
 32107 | Volcano  | HP: 12/70 [fire elemental (5)]
 32113 | Volcano  | HP: 1/70 [fire elemental (7)]
 32480 | Volcano  | Killed a stone giant
 33290 | Orc:2    | Found a staircase to the Elven Halls.
 33577 | Orc:2    | Reached skill level 4 in Dodging
 33852 | Orc:2    | Reached skill level 5 in Dodging
 33985 | Orc:2    | Reached skill level 6 in Dodging
 34270 | Orc:2    | Found Ruej's Antique Armour Emporium.
 34271 | Orc:2    | Found Fipommufuf's Jewellery Emporium.
 34272 | Orc:2    | Found Toukla's General Store.
 34275 | Orc:2    | Found Sanaw's Antique Weapon Shoppe.
 34283 | Orc:2    | Reached skill level 18 in Spellcasting
 34816 | D:11     | Reached skill level 1 in Fighting
 35049 | D:11     | Noticed krabocopter's ghost (journeyman FoFi)
 35182 | D:11     | Reached skill level 7 in Dodging
 35406 | D:11     | Identified a scroll of acquirement
 35409 | D:11     | Got the cursed cloak of Synchronized Stabbing {Str+4 Dex+4 Slay+3}
 35421 | D:11     | Identified the cursed +0 cloak of Synchronized Stabbing {Str+4 Dex+4 Slay+3} (You acquired it on level 11 of the Dungeon)
 35876 | D:12     | Reached skill level 8 in Dodging
 36198 | D:13     | Reached skill level 2 in Fighting
 36687 | D:13     | Reached skill level 9 in Dodging
 36695 | D:13     | Found a gate to the Vaults.
 36704 | D:13     | Reached XP level 15. HP: 73/80 MP: 23/34
 36918 | D:13     | Reached skill level 10 in Conjurations
 36993 | D:13     | Reached skill level 3 in Fighting
 37057 | D:13     | Reached skill level 10 in Dodging
 37451 | D:13     | Reached skill level 11 in Dodging
 37571 | D:14     | Found Imiuvofecs's Food Shoppe.
 37624 | D:14     | Noticed Snorg
 37689 | D:14     | Killed Snorg
 37880 | D:14     | Found Xoqoej's Assorted Antiques.
 37886 | D:14     | Bought a lumpy lapis lazuli amulet for 140 gold pieces
 38397 | D:15     | Entered Level 15 of the Dungeon
 38440 | D:15     | Reached skill level 4 in Fighting
 38440 | D:15     | Reached skill level 12 in Dodging
 38894 | D:15     | Found a staircase to the Depths.
 39236 | D:15     | Reached skill level 13 in Dodging
 39404 | D:15     | Noticed Josephine
 39407 | D:15     | Killed Josephine
 39751 | D:15     | HP: 18/85 [iron dragon skeleton (14)]
 39751 | D:15     | HP: 4/85 [iron dragon skeleton (14)]
 40142 | D:15     | Reached skill level 5 in Fighting
 40157 | D:15     | Reached skill level 14 in Dodging
 40185 | D:15     | Found Jiditup's General Store.
 40603 | Shoals:1 | Entered Level 1 of the Shoals
 40623 | Shoals:1 | HP: 5/86 [merfolk/trident (24)]
 41395 | Shoals:1 | Reached skill level 15 in Dodging
 41921 | Shoals:1 | Found Vusm's Assorted Antiques.
 41956 | Shoals:1 | Bought a leatherbound book for 405 gold pieces
 41956 | Shoals:1 | Bought a glittering pewter amulet for 135 gold pieces
 41956 | Shoals:1 | Identified the amulet "Cozu" {rN+ Regen+} (You bought it in a shop on level 1 of the Shoals)
 42455 | Shoals:2 | Reached skill level 6 in Fighting
 42745 | Shoals:2 | Reached XP level 16. HP: 78/92 MP: 20/35
 42829 | Shoals:2 | Got the uncursed robe of Uscheira {rElec MP-9 Str+2}
 42855 | Shoals:2 | HP: 9/92 [faun/stone (20)]
 42861 | Shoals:2 | Slain by a harpy

Vault maps used:
D:1:      dpeg_arrival_rhombi, minmay_split_cup_small
D:2:      lemuel_zombie_altar_kikubaaqudgha, serial_co_window_serial,
          co_window_paths_b, co_window_paths_a, co_window_cross_1,
          co_window_paths_a, co_window_paths_b, co_window_corner_a,
          co_window_paths_a, co_window_unsneaky_path_a,
          co_window_unsneaky_path_a, co_window_broadway_b, co_window_corner_ca,
          co_window_paths_c, co_window_unsneaky_path_a, glass_columns_c,
          glass_columns_c, glass_columns_a, glass_columns_a, glass_columns_b,
          uniq_terence
D:3:      minmay_goblin_kobold_castle, portal_sewer_entry_e, uniq_grinder
D:4:      lemuel_crystal_altar, serial_undead, serial_undead_f, serial_undead_e,
          serial_undead_a, serial_undead_e, amethyst_killhole, uniq_duvessa
D:5:      first_bread, uniq_edmund, uniq_prince_ribbit1, uniq_pikel,
          uniq_blork_the_orc
D:6:      temple_green, serial_co_window_serial, co_window_paths_a,
          co_window_paths_a, co_window_corner_a, co_window_corner_a,
          co_window_of_opportunity_a, co_window_unsneaky_path_e,
          co_window_broadway_b, co_window_corner_b, co_window_2corner,
          co_window_2corner, glass_columns_b, kennysheep_generic_room_15
D:7:      basic_altar
D:8:      nicolae_gozag_cash_rules_everything_around_me
D:9:      lemuel_coloured_pillars_altar, trog_eyes_of_draining, serial_shops,
          shop_coins
D:10:     argonaut_augean_stables, due_lair_maze_entry_diamond,
          hiddenorc1_lemuel, uniq_maurice
D:11:     grunt_tengu_nest
D:12:     due_unseen_surprise
D:13:     lightli_vaults_fourway_checkpoint
D:14:     hangedman_arrow_trap, hex_tiny, serial_shops, nicolae_shop_trees,
          shop, uniq_snorg
D:15:     gammafunk_depths_entry_grave, serial_shops,
          nicolae_shop_temple_entry_statues_fountains, uniq_josephine
Temple:   lightli_temple_of_artemis
Lair:1:   infiniplex_staircase_pool, uniq_erica
Lair:2:   grunt_megastairs_2
Lair:3:   minmay_shoals_entry_hut, basic_altar, pf_torpor_hydra, uniq_urug
Lair:4:   spider_nest_entry_web_field, st_stairs_11, tgw_fedhas,
          grunt_megastairs_5, uniq_sonja
Lair:5:   pond, uniq_nessos
Lair:6:   cheibrodos_lair_end_hotspot, slime_altar_1, portal_ice_cave_rime,
          minmay_lair_oklob_chamber
Shoals:1: serial_shops, shop, abandoned_shop
Orc:2:    st_orc_mages, lightli_volcano_entry_magma_tube
Sewer:    sewer_co_15_rooms
IceCv:    ice_cave_statue_garden_chambered
Volcano:  volcano_pools

Skill      XL: |  1  2  3  4  5  6  7  8  9 10 11 12 13 14 15 |
---------------+----------------------------------------------+-----
Spellcasting   | 3 4 5 6 7 8 9 11 13 16 18 | 18.0
Stealth        | 5 6 7 8 10 11 14 16 17 | 17.0
Short Blades   | 2 3 |  3.0
Hexes          | 5 7 9 11 12 | 12.0
Conjurations   | 4 7 8 9 10 | 10.0
Translocations | 2 |  2.2
Poison Magic   | 2 |  2.7
Charms         | 3 |  3.7
Air Magic      | 2 |  2.0
Fire Magic     | 2 |  2.7
Dodging        | 9 15 | 15.6
Fighting       | 2 6 |  6.1

Action                   |  1- 3 |  4- 6 |  7- 9 | 10-12 | 13-15 | 16-18 || total
-------------------------+-------+-------+-------+-------+-------+-------++-------
Melee: Dagger            |   136 |   547 |   352 |   341 |  1207 |     3 ||  2586
 Fire: Blowgun           |       |    24 |       |     9 |    21 |       ||    54
 Cast: Ensorcelled Hiber |     2 |    54 |    81 |   222 |   539 |     4 ||   902
       Confuse           |       |     2 |    28 |    29 |   202 |       ||   261
       Repel Missiles    |       |       |       |     3 |       |       ||     3
       Mephitic Cloud    |       |       |       |       |    67 |       ||    67
       Conjure Flame     |       |       |       |       |    16 |       ||    16
Invok: Curse Item        |       |       |       |     1 |       |       ||     1
Evoke: Wand              |       |       |       |       |     8 |       ||     8
  Use: Scroll            |       |     7 |     5 |     7 |     9 |       ||    28
       Potion            |       |     7 |       |     2 |     3 |       ||    12
 Stab: Sleeping          |    15 |    45 |    69 |   173 |   360 |     3 ||   665
       Distracted        |     3 |     2 |       |       |     3 |       ||     8
       Confused          |       |     2 |    20 |    18 |   116 |       ||   156
       Invisible         |       |       |       |       |     1 |       ||     1
  Eat: Fruit             |       |     4 |       |     4 |     9 |       ||    17
       Bread ration      |       |     1 |       |     1 |     3 |       ||     5
Armor: Robe              |     6 |    53 |    27 |    39 |   146 |       ||   271
Dodge: Dodged            |   122 |   433 |   213 |   214 |   833 |    31 ||  1846
       Deflected         |       |       |       |     3 |     4 |       ||     7

Vault maps used:
D:1:      dpeg_arrival_rhombi, minmay_split_cup_small
D:2:      lemuel_zombie_altar_kikubaaqudgha, serial_co_window_serial,
          co_window_paths_b, co_window_paths_a, co_window_cross_1,
          co_window_paths_a, co_window_paths_b, co_window_corner_a,
          co_window_paths_a, co_window_unsneaky_path_a,
          co_window_unsneaky_path_a, co_window_broadway_b, co_window_corner_ca,
          co_window_paths_c, co_window_unsneaky_path_a, glass_columns_c,
          glass_columns_c, glass_columns_a, glass_columns_a, glass_columns_b,
          uniq_terence
D:3:      minmay_goblin_kobold_castle, portal_sewer_entry_e, uniq_grinder
D:4:      lemuel_crystal_altar, serial_undead, serial_undead_f, serial_undead_e,
          serial_undead_a, serial_undead_e, amethyst_killhole, uniq_duvessa
D:5:      first_bread, uniq_edmund, uniq_prince_ribbit1, uniq_pikel,
          uniq_blork_the_orc
D:6:      temple_green, serial_co_window_serial, co_window_paths_a,
          co_window_paths_a, co_window_corner_a, co_window_corner_a,
          co_window_of_opportunity_a, co_window_unsneaky_path_e,
          co_window_broadway_b, co_window_corner_b, co_window_2corner,
          co_window_2corner, glass_columns_b, kennysheep_generic_room_15
D:7:      basic_altar
D:8:      nicolae_gozag_cash_rules_everything_around_me
D:9:      lemuel_coloured_pillars_altar, trog_eyes_of_draining, serial_shops,
          shop_coins
D:10:     argonaut_augean_stables, due_lair_maze_entry_diamond,
          hiddenorc1_lemuel, uniq_maurice
D:11:     grunt_tengu_nest
D:12:     due_unseen_surprise
D:13:     lightli_vaults_fourway_checkpoint
D:14:     hangedman_arrow_trap, hex_tiny, serial_shops, nicolae_shop_trees,
          shop, uniq_snorg
D:15:     gammafunk_depths_entry_grave, serial_shops,
          nicolae_shop_temple_entry_statues_fountains, uniq_josephine
Temple:   lightli_temple_of_artemis
Lair:1:   infiniplex_staircase_pool, uniq_erica
Lair:2:   grunt_megastairs_2
Lair:3:   minmay_shoals_entry_hut, basic_altar, pf_torpor_hydra, uniq_urug
Lair:4:   spider_nest_entry_web_field, st_stairs_11, tgw_fedhas,
          grunt_megastairs_5, uniq_sonja
Lair:5:   pond, uniq_nessos
Lair:6:   cheibrodos_lair_end_hotspot, slime_altar_1, portal_ice_cave_rime,
          minmay_lair_oklob_chamber
Shoals:1: serial_shops, shop, abandoned_shop
Orc:2:    st_orc_mages, lightli_volcano_entry_magma_tube
Sewer:    sewer_co_15_rooms
IceCv:    ice_cave_statue_garden_chambered
Volcano:  volcano_pools

Table legend:
 A = Turns spent in this place as a percentage of turns spent in the entire game.
 B = Non-inter-level travel turns spent in this place as a percentage of non-inter-level travel turns spent in the entire game.
 C = Inter-level travel turns spent in this place as a percentage of turns spent in this place.
 D = Turns resting spent in this place as a percentage of non-inter-level travel turns spent in this place.
 E = Turns spent auto-exploring this place as a percentage of non-inter-level travel turns spent in this place.
 F = Non-inter-level travel turns spent in this place divided by the number of levels of this place that you've seen.
                   A       B       C       D       E      F
               +-------+-------+-------+-------+-------+----------------------
         Total | 100.0 | 100.0 |   0.5 |   2.9 |   5.6 | 529.3
       Dungeon |  50.5 |  50.5 |   0.4 |   2.7 |   7.1 | 517.1
        Temple |   0.0 |   0.0 |   0.0 |   0.0 |   0.0 |   3.0
          Lair |  29.5 |  29.4 |   0.7 |   3.2 |   3.7 | 751.5
        Shoals |   4.7 |   4.8 |   0.3 |   2.7 |   3.8 | 365.0
  Orcish Mines |   7.6 |   7.6 |   0.3 |   3.0 |   7.3 | 580.5
         Sewer |   3.9 |   3.9 |   0.0 |   1.3 |   2.8 | 606.0
      Ice Cave |   1.7 |   1.7 |   0.0 |   0.8 |   0.8 | 258.0
       Volcano |   2.1 |   2.1 |   0.0 |   8.6 |   0.3 | 326.0
               +-------+-------+-------+-------+-------+----------------------

Table legend:
 A = Kills in this place as a percentage of kills in entire the game.
 B = Kills by you in this place as a percentage of kills by you in the entire game.
 C = Kills by friends in this place as a percentage of kills by friends in the entire game.
 D = Other kills in this place as a percentage of other kills in the entire game.
 E = Experience gained in this place as a percentage of experience gained in the entire game.
 F = Experience gained in this place divided by the number of levels of this place that you have seen.
                   A       B       C       D       E      F
               +-------+-------+-------+-------+-------+----------------------
         Total | 100.0 | 100.0 |  -nan | 100.0 | 100.0 | 5368.8
       Dungeon |  58.7 |  59.2 |  -nan |  18.2 |  44.3 | 4597.3
          Lair |  21.9 |  21.8 |  -nan |  36.4 |  35.7 | 9275.8
        Shoals |   3.7 |   3.7 |  -nan |   0.0 |  10.4 | 8128.5
  Orcish Mines |  12.5 |  12.3 |  -nan |  36.4 |   7.2 | 5584.5
         Sewer |   1.9 |   2.0 |  -nan |   0.0 |   0.0 |  69.0
      Ice Cave |   0.8 |   0.8 |  -nan |   0.0 |   0.9 | 1343.0
       Volcano |   0.4 |   0.3 |  -nan |   9.1 |   1.4 | 2241.0
               +-------+-------+-------+-------+-------+----------------------
